 Dungeon Crawl Stone Soup version 0.31.0-4-g52a2dc7128 (webtiles) character file.

Game seed: 16128920885751017284

137 stipulation the Ruffian (level 5, -1/45 HPs)
             Began as a Ghoul Monk on Jan 21, 2024.
             Slain by a gnoll
             ... wielding a +0 spear
             ... led by a gnoll bouda
              (8 damage)
             ... on level 4 of the Dungeon.
             The game lasted 00:01:55 (2580 turns).

stipulation the Ruffian (Ghoul Monk)                Turns: 2580, Time: 00:01:55

Health: -1/45      AC: 11    Str: 17    XL:     5   Next: 20%
Magic:  5/5        EV:  5    Int:  9    God:
Gold:   71         SH:  0    Dex: 11    Spells: 4/4 levels left

rFire   . .          .
                       - Unarmed
rCold   + . .        c - orb {light}
rNeg    + + +        r - +0 plate armour
rPois   ∞            e - +1 hat
rElec   .            (no cloak)
rCorr   .            (no gloves)
SInv    .            (no boots)
Will    .....        (no amulet) Stlth
                     (no ring)
HPRegen 0.00/turn    (no ring)
MPRegen 0.09/turn

%: no passive effects
@: weakened, inhibited regen, glowing
A: claws 1, cold resistance 1, negative energy resistance 3, inhibited
regeneration, torment resistance 2, devour on kill
a: no special abilities


You were on level 4 of the Dungeon.
You visited 1 branch of the dungeon, and saw 4 of its levels.

You collected 259 gold pieces.
You spent 188 gold pieces at shops.

Inventory:

Armour
 c - an orb of light (worn)
 e - a +1 hat (worn)
 r - a +0 plate armour (worn)
Jewellery
 i - an amulet of reflection
Wands
 j - a wand of acid (6)
Scrolls
 d - 5 scrolls of identify
 k - a scroll of fear {unknown}
 l - a scroll of acquirement {unknown}
 m - a scroll of teleportation {unknown}
 o - a scroll of poison {unknown}
 p - a scroll of revelation {unknown}
 q - 3 scrolls of enchant armour {unknown}
Potions
 a - 2 potions of enlightenment {unknown}
 f - a potion of attraction {unknown}
 g - a potion of haste {unknown}
 h - a potion of resistance {unknown}
 n - 3 potions of heal wounds
 s - a potion of curing


   Skills:
 - Level 3.2 Fighting
 - Level 2.6 Dodging
 + Level 6.3 Unarmed Combat


You had 4 spell levels left.
You didn't know any spells.
Your spell library contained the following spells:

 Spells                   Type           Power      Damage    Failure   Level
 Mercury Vapours          Alch/Air       0%         N/A       100%        2
 Mephitic Cloud           Conj/Alch/Air  0%         N/A       100%        3
 Freezing Cloud           Conj/Ice/Air   0%         6-21      100%        5


Dungeon Overview and Level Annotations

Branches:
Dungeon (4/15)
 Temple: D:4-7

Altars:

Shops:
D:3 !((**

Annotations:
D:3 3 runed translucent doors, DaftaChap's ghost, amateur MfSh; TheBioAlchemist's ghost, amateur OpSh; dchavez06's ghost, amateur NaSh; sasquatch's ghost, amateur TeAE


Innate Abilities, Weirdness & Mutations

You are immune to poison.
You have sharp fingernails.
Your flesh is cold resistant. (rC+)
You are immune to negative energy. (rN+++)
You do not regenerate when monsters are visible.
You are immune to unholy pain and torment.
You thrive by killing the living.


Message History

The gnoll bouda attacks as it pursues you!
The gnoll bouda barely misses you. The gnoll attacks as it pursues you!
The gnoll completely misses you.
You barely miss the gnoll bouda.
The gnoll bouda is heavily wounded.
The gnoll is no longer moving quickly. x2
The gnoll bouda gazes fiercely through you!
You feel your attacks grow feeble.
The gnoll bouda hits you with a +0 club.
* * * LOW HITPOINT WARNING * * *
The gnoll hits you from afar with a +0 spear.
* * * LOW HITPOINT WARNING * * *
You scratch the gnoll bouda.
The gnoll bouda is heavily wounded.
The gnoll bouda gazes fiercely through you!
You feel as though you will be weak longer.
The gnoll bouda hits you but does no damage.
The gnoll hits you but does no damage.
You bump into the rock wall.
The gnoll bouda barks out a call to the hunt!
The gnoll picks up the pace!
The gnoll hits you but does no damage.
You're too confused to move!
The gnoll bouda completely misses you.
The gnoll hits you from afar with a +0 spear.
The giant cockroach bites you.
You bump into the rock wall.
You feel less invigorated.
You feel less confused.
The gnoll is no longer moving quickly.
The gnoll bouda hits you with a +0 club!
* * * LOW HITPOINT WARNING * * *
The gnoll hits you from afar with a +0 spear.
* * * LOW HITPOINT WARNING * * *
The giant cockroach barely misses you.
You scratch the gnoll bouda.
The gnoll bouda is severely wounded.
The gnoll bouda barks out a call to the hunt!
The gnoll picks up the pace!
The giant cockroach barely misses you.
The gnoll hits you from afar with a +0 spear!
You die... .# #..... .....#. .#... # gr.

.. #g# .. ##g##
.# #...# ..
#...#####.###
#...rgg@B...#
#...g####.#.#
.....)[....# #
................
............#..#
.####..........#
#...######.
#.#.# . #...


You could see a gnoll bouda, 2 gnolls, a quokka and a giant cockroach.

Vanquished Creatures
  5 gnolls
  2 dart slugs (D:2)
  A ribbon worm (D:2)
  6 ball pythons
  9 bats
  2 endoplasms
  3 giant cockroaches (D:1)
  11 hobgoblins
  6 jackals (D:1)
  4 quokkas
  4 frilled lizards
  14 goblins
  6 kobolds
  2 rats
75 creatures vanquished.

Notes
Turn   | Place    | Note
-------+----------+-------------------------------------------
     0 | D:1      | stipulation the Ghoul Monk began the quest for the Orb.
     0 | D:1      | Reached XP level 1. HP: 19/19 MP: 1/1
   102 | D:1      | Reached XP level 2. HP: 26/26 MP: 2/2
   169 | D:1      | Reached skill level 4 in Unarmed Combat
   343 | D:1      | Reached XP level 3. HP: 31/31 MP: 3/3
   511 | D:1      | Reached skill level 5 in Unarmed Combat
   921 | D:2      | Reached XP level 4. HP: 38/38 MP: 4/4
  1732 | D:3      | Found a faded altar of an unknown god.
  1889 | D:3      | Found Ughoitz's General Store.
  1898 | D:3      | Bought 3 scrolls of identify for 84 gold pieces
  1978 | D:3      | Found a runed translucent gate.
  1981 | D:3      | Found a runed translucent gate.
  1982 | D:3      | Found a runed translucent gate.
  1983 | D:3      | Noticed dchavez06's ghost (amateur NaSh)
  1983 | D:3      | Noticed sasquatch's ghost (amateur TeAE)
  1983 | D:3      | Noticed DaftaChap's ghost (amateur MfSh)
  1983 | D:3      | Noticed TheBioAlchemist's ghost (amateur OpSh)
  2013 | D:3      | Found Emiob's Distillery.
  2016 | D:3      | Bought a potion of curing for 39 gold pieces
  2016 | D:3      | Bought a potion of heal wounds for 65 gold pieces
  2026 | D:3      | Found Deugrac's Weapon Shop.
  2040 | D:3      | Found Liuwiapa's Antique Weapon Emporium.
  2189 | D:3      | Found Niofoho's Assorted Antiques.
  2204 | D:3      | Reached skill level 6 in Unarmed Combat
  2208 | D:3      | Reached XP level 5. HP: 24/45 MP: 5/5
  2580 | D:4      | Slain by a gnoll

Illustrated notes

Levels and vault maps discovered:
D:1:      evilmike_arrival_hilbert_curve, layout_loops_ring, st_stairs_12,
          grunt_decor_mini_mirrors, corexii_item_surrounded_by_moat
D:2:      layout_basic, minmay_misc_feat_plants
D:3:      cheibrodos_greedy_goblins, layout_rooms,
          hellmonk_ecumenical_altar_zigzags, serial_shops,
          nicolae_lakefront_shop, shop, shop, shop,
          nicolae_shop_real_fake_doors, gammafunk_ghost_cemetery
D:4:      layout_loops_cross

Skill      XL: |  1  2  3  4 |
---------------+-------------+-----
Unarmed Combat | 4 5 6 |  6.3
Fighting       | |  3.2
Dodging        | |  2.6

Action                     |  1- 3 |  4- 6 || total
---------------------------+-------+-------++-------
  Melee: Unarmed           |    96 |    99 ||   195
    Use: Potion            |       |     1 ||     1
 Armour: Robe              |    39 |       ||    39
         Chain mail        |     6 |    23 ||    29
         Plate armour      |       |    62 ||    62
  Dodge: Dodged            |    58 |    35 ||    93
